 Dungeon Crawl Stone Soup version 0.22.0-60-ga52c2fc (webtiles) character file.

27 Ghost6211 the Vexing (level 2, -9/24 HPs)
             Began as a Troll Enchanter on Sept 10, 2018.
             Mangled by Sigmund
             ... wielding a +0 scythe
              (12 damage)
             ... on level 2 of the Dungeon.
             The game lasted 00:06:44 (1155 turns).

Ghost6211 the Vexing (Troll Enchanter)              Turns: 1155, Time: 00:06:45

Health: -9/24      AC:  5    Str: 15    XL:     2   Next: 93%
Magic:  2/3        EV: 10    Int: 11    God:
Gold:   66         SH:  0    Dex: 10    Spells: 0/3 levels left

rFire    . . .     SeeInvis .   a - +1 dagger
rCold    . . .     Gourm    +   (no shield)
rNeg     . . .     Faith    .   b - +0 robe
rPois    .         Spirit   .   (helmet restricted)
rElec    .         Reflect  .   (no cloak)
rCorr    .         Harm     .   (gloves unavailable)
MR       .....                  (boots unavailable)
Stlth    ++........             (no amulet)
HPRegen  0.48/turn              (no ring)
MPRegen  0.08/turn              (no ring)

@: no status effects
A: large, unfitting armour, claws 3, fast metabolism 3, gourmand, regeneration
1, shaggy fur 1, tough skin 2
a: no special abilities


You were on level 2 of the Dungeon.
You were very hungry.

You visited 1 branch of the dungeon, and saw 2 of its levels.

You collected 66 gold pieces.

Inventory:

Hand Weapons
 a - a +1 dagger (weapon)
Missiles
 h - 2 stones
 k - 7 tomahawks (quivered)
Armour
 b - a +0 robe (worn)
 l - a +0 pair of gloves
Scrolls
 c - 2 scrolls of magic mapping
 e - 2 scrolls of identify {unknown}
 f - 2 scrolls of remove curse {unknown}
 m - a scroll of amnesia {unknown}
Potions
 g - a potion of haste {unknown}
 i - a potion of mutation {unknown}
 j - a potion of brilliance {unknown}
Comestibles
 d - 3 rations


   Skills:
 + Level 0.1 Fighting
 * Level 1.4 Short Blades
 * Level 0.4 Armour
 - Level 1.5 Dodging
 - Level 1.5 Stealth
 + Level 1.4 Spellcasting
 + Level 2.2 Hexes


You couldn't memorise any spells.
You knew the following spells:

 Your Spells              Type           Power        Failure   Level  Hunger
a - Corona                Hex            #......      12%         1    ##.....
b - Ensorcelled Hibernat  Hex/Ice        #.....       28%         2    ###....

Your spell library contained the following spells:

 Spells                   Type           Power        Failure   Level  Hunger
 Confuse                  Hex            #.......     36%         3    ####...
 Tukima's Dance           Hex            #.......     36%         3    ####...
 Dazzling Spray           Conj/Hex       #.....       50%         3    ####...


Dungeon Overview and Level Annotations

Branches:
Dungeon (2/15)

Altars:

Annotations:
D:2 Sigmund


Innate Abilities, Weirdness & Mutations

You are too large for most types of armour.
You have claws for hands.
Your metabolism is lightning-fast.
You like to eat raw meat.
Your natural rate of healing is unusually fast.
You are covered in fur. (AC +1)
You have very tough skin. (AC +2)


Message History

You hit something. Something hits you.
You barely miss something. Something hits you.
You hit something but do no damage. The quokka barely misses you.
You hear some strange, mumbled words.
You are confused.
You bump into the rock wall.
You are feeling very hungry.
Something hits you.
The quokka bites you but does no damage.
The quokka closely misses you. Something hits you.
The quokka twitches its whiskers.
You hit the quokka.
The quokka is severely wounded.
The quokka closely misses you. Something hits you!
* * * LOW HITPOINT WARNING * * *
The quokka bites you but does no damage.
You feel less confused. Something hits you!
Ouch! That really hurt!
You die...

********* ######## *,,,,,,,,
##......##### *,,,,,,,,
.........##.# *,,,,,,,,
........###.# *,,,,,,,,
...#....###.# ##### *,,,,,,,,
.#.###...##.####...######,,,.,,,,
.....'...'.......{.......,,,..,,,
.#.#.#...##.####@r....###,*,#!.,,
>....+...+.!..,+.........,,,....#
.....#...##.####...#...##*,,....@
.##########.# #...#,..#**,,.....
.#######* #.# #...#,,.#,,,,.....
........* #.# #...+,,,+,,,,.....
..#####.**#.# #####,,,*,,,,..#..
..# *,,,,,* *,,,*,,,,,,#.# ..#
*,***** *,,,*,,,,,,#,.


You could see a quokka.

Vanquished Creatures
  An ooze (D:1)
  A dart slug (D:1)
  2 bats (D:1)
  A giant cockroach (D:1)
  2 goblins (D:1)
  5 hobgoblins
  2 frilled lizards (D:1)
  4 kobolds
  A rat (D:1)
19 creatures vanquished.

Notes
Turn   | Place    | Note
-------+----------+-------------------------------------------
     0 | D:1      | Ghost6211 the Troll Enchanter began the quest for the Orb.
     0 | D:1      | Reached XP level 1. HP: 16/16 MP: 1/1
   131 | D:1      | Reached skill level 1 in Short Blades
   131 | D:1      | Reached XP level 2. HP: 11/24 MP: 3/3
   162 | D:1      | Learned a level 2 spell: Ensorcelled Hibernation
   901 | D:2      | Noticed Sigmund
  1155 | D:2      | Mangled by Sigmund

Skill      XL: |  1 |
---------------+----+-----
Short Blades   | 1 |  1.4
Fighting       | |  0.1
Armour         | |  0.4
Dodging        | |  1.5
Stealth        | |  1.5
Spellcasting   | |  1.4
Hexes          | |  2.2

Action                   || total
-------------------------++-------
Melee: Dagger            ||   111
 Cast: Ensorcelled Hiber ||     5
       Corona            ||     5
  Use: Scroll            ||     1
  Eat: Chunk             ||     4
       Ration            ||     1
Armor: Robe              ||    43
Dodge: Dodged            ||    57
